[Event "Late-Titled-Tuesday-Blitz-June-04-2024"]
[Site "Chess.com"]
[Date "2024.06.04"]
[Round "1"]
[White "FuenfgegenWilly"]
[Black "jcibarra"]
[Result "0-1"]
[WhiteElo "2493"]
[BlackElo "2920"]
[TimeControl "180+1"]
[EndTime "14:07:59 PDT"]
[Termination "jcibarra won by checkmate"]

1. e4 c5 2. Ne2 Nc6 3. g3 d5 4. d3 dxe4 5. dxe4 Qxd1+ 6. Kxd1 Bg4 7. c3 O-O-O+ 8. Nd2 Bf3 9. Bh3+ e6 10. Re1 Bxe4 11. Nf4 Bg6 12. Bg2 Kc7 13. h4 Nf6 14.
Nxg6 hxg6 15. Kc2 Be7 16. Nf3 Ng4 17. Re2 Bd6 18. Bh3 Nge5 19. Nxe5 Nxe5 20. b3 b6 21. Bg2 Ng4 22. Bf3 Nf6 23. Bb2 Nd5 24. a3 Nf6 25. c4 Rhg8 26. a4 a5 27. Rae1 Nd7 28. Bg2 Be7 29. Bc1 Bd6 30. Bb2 Nb8 31. Bc3 Nc6 32. Bxc6 Kxc6 33. Rd1 Be7 34. Red2 Rxd2+ 35. Rxd2 Bf6 36. f4 Bxc3 37. Kxc3 Re8 38. Re2 Rd8 39. Re1 Rd4 40. Kc2 Kd6 41. Kc3 f6 42. Rf1 e5 43. fxe5+ Kxe5 44. Re1+ Re4 45. Rg1 Re3+ 46. Kc2 f5 47. g4 f4 48. h5 g5 49.
Rd1 f3 50. Rd7 Kf4 51. Rxg7 Kxg4 52. h6 Re8 53. h7 Rh8 54. Kd3 Kf4 55. Rf7+ Kg3 56.
Ke3 Re8+ 57. Kd3 f2 58. Re7 f1=Q+ 59. Kc2 Qf5+ 60. Kb2 Qf6+ 61. Ka3 Qa1# 0-1

[Event "Late-Titled-Tuesday-Blitz-June-04-2024"]
[Site "Chess.com"]
[Date "2024.06.04"]
[Round "1"]
[White "FMOlexandrProhorov"]
[Black "TangerineandLemon25"]
[Result "1-0"]
[WhiteElo "2363"]
[BlackElo "2640"]
[TimeControl "180+1"]
[EndTime "14:08:03 PDT"]
[Termination "FMOlexandrProhorov won by resignation"]

1. e4 e5 2. Nf3 d6 3. d4 exd4 4.
Nxd4 Nf6 5. Nc3 Be7 6. g3 O-O 7. Bg2 Nbd7 8. O-O Re8 9. Re1 Bf8 10. h3 g6 11. f4 Bg7 12. Be3 Nc5 13. Bf2 Nfd7 14.
Qd2 Nb6 15. b3 c6 16. Rad1 a5 17. a4 Qc7 18. g4 Bd7 19. Bh4 h6 20. Rf1 Nc8 21.
f5 Qb6 22. Kh2 Qc7 23. Kg1 Rb8 24. g5 h5 25. Qf4 Be5 26. Qf2 gxf5 27. Nxf5 Be6 28.
Nh6+ Kg7 29. Ne2 Ne7 30. Nf4 Ng6 31. Nxh5+ Kf8 32. Nf6 Red8 33. Nfg4 Ke7 34. Nxe5 Nxe5 35. g6+ Ke8 36. gxf7+ Nxf7 37. Qf6 Nxe4 38. Bxe4 Qb6+ 39. Kh1 Qc7 40. Qg7 Nxh6 41. Qxh6 Kd7 42. Bf5 Kc8 43.
Bxe6+ Qd7 44. Bxd7+ Rxd7 45. Qg5 Kc7 46. Qg6 Rf7 47.
Qg2 Rxf1+ 48. Rxf1 Kb6 49. Rf7 Ka7 50. Qf2+ Ka8 51.
Bg3 Re8 52. Qd2 Re1+ 53. Qxe1 Ka7 54. Qe7 Kb6 55. Qxb7+ Kc5 56. Qa6 Kd4 57. Qc4+ Ke3 58. Rf2 c5 59. Qe2+ Kd4 60. Rf4+ Kd5 61. Qd3+ Kc6 62.
Rf6 Kd7 63. Qxd6+ 1-0

[Event "Late-Titled-Tuesday-Blitz-June-04-2024"]
[Site "Chess.com"]
[Date "2024.06.04"]
[Round "1"]
[White "Good_Knight_Kiss"]
[Black "rhungaski"]
[Result "0-1"]
[WhiteElo "2331"]
[BlackElo "2633"]
[TimeControl "180+1"]
[EndTime "14:08:04 PDT"]
[Termination "rhungaski won on time"]

1. e4 e6 2. d4 d5 3. Nc3 Bb4 4. exd5 exd5 5. Bd3 Nf6 6. Bg5 O-O 7. Qf3 Nbd7 8. Ne2 c6 9. O-O Be7 10. Ng3 Nb6 11.
h3 Ne8 12. Bxe7 Qxe7 13. a3 Qf6 14. Qxf6 Nxf6 15. b3 g6 16. Rae1 Bd7 17. f4 a5 18.
a4 Rad8 19. f5 g5 20. Be2 Bc8 21. Bf3 h6 22. Re7 Rfe8 23. Rfe1 Rxe7 24. Rxe7 Kf8 25.
Re1 Nbd7 26. Kf2 b6 27. Nge2 Ne8 28. g4 Ndf6 29. Nc1 Ba6 30. Be2 Bxe2 31. Rxe2 Nd6 32.
Nd3 Nfe4+ 33. Nxe4 Nxe4+ 34. Kf3 f6 35. Nf2 Nd6 36. Re6 Kf7 37. Ke3 Re8 38. Rxe8 Kxe8 39.
Kd3 b5 40. axb5 cxb5 41. Nd1 Kd7 42. Nb2 Kc6 43. c3 Ne4 44. c4 Nf2+ 45. Ke3 dxc4 46.
bxc4 Nxh3 47. d5+ Kc5 48. cxb5 Nf4 49. d6 Nd5+ 50. Kd3 Kxd6 51. Nc4+ Kc5 52. Nxa5 Kxb5 53.
Nb7 Kc6 54. Nd8+ Kc5 55. Nf7 h5 56. gxh5 Nf4+ 57. Ke4 Nxh5 58. Nxg5 fxg5 59. Ke5 g4 60. f6 Nxf6 0-1

[Event "Late-Titled-Tuesday-Blitz-June-04-2024"]
[Site "Chess.com"]
[Date "2024.06.04"]
[Round "1"]
[White "Artyom_ChessMate"]
[Black "Seppppppy"]
[Result "0-1"]
[WhiteElo "2534"]
[BlackElo "2187"]
[TimeControl "180+1"]
[EndTime "14:08:04 PDT"]
[Termination "Seppppppy won by checkmate"]

1. e4 e5 2. Nf3 Nc6 3. Bb5 a6 4.
Bxc6 dxc6 5. O-O Qf6 6. d4 exd4 7. Bg5 Qd6 8. Nxd4 Be7 9. Bxe7 Nxe7 10. Nc3 Bd7 11.
Nb3 Qxd1 12. Raxd1 O-O-O 13. f3 b6 14. a4 c5 15. a5 c4 16. Nd2 b5 17. Rfe1 Nc6 18. Nf1 Nxa5 19. Ra1 Nc6 20. Rxa6 Kb7 21. Raa1 Nb4 22.
Ne3 Ra8 23. Ncd5 c5 24. Nxb4 cxb4 25. Nd5 b3 26. cxb3 cxb3 27. Kf2 Ra2 28. Rab1 Be6 29. Nc3 Ra5 30. Ke3 b4 31. Ne2 Ra2 32. Nd4 Rc8 33. f4 Rc2 34. Re2 Rc8 35. Rd2 Rca8 36. Nxe6 fxe6 37. Rd3 Kb6 38. Rxb3 Kb5 39. Rd3 Ka4 40. g4 Rc8 41. Kd2 b3 42. Rc3 Rd8+ 43. Ke3 Kb4 44. f5 exf5 45. gxf5 Rxb2 46. Rbc1 Rxh2 47.
e5 Rh3+ 48. Kf4 Rxc3 49. Re1 Rc4+ 50. Kg5 b2 51. e6 Rc1 52. e7 Re8 53. Re4+ Kb3 54. Re6 b1=Q 55. Rb6+ Kc2 56. Rc6+ Kd2 57. Rxc1 Qxc1 58. f6 Qg1+ 59. Kf5 Qf2+ 60. Ke6 Qxf6+ 61. Kd7 Rxe7+ 62. Kc8 Qf8# 0-1

[Event "Late-Titled-Tuesday-Blitz-June-04-2024"]
[Site "Chess.com"]
[Date "2024.06.04"]
[Round "1"]
[White "Supelyel"]
[Black "KNVB"]
[Result "0-1"]
[WhiteElo "2433"]
[BlackElo "2780"]
[TimeControl "180+1"]
[EndTime "14:08:05 PDT"]
[Termination "KNVB won by checkmate"]

1. c4 c5 2. g3 e6 3. Bg2 d5 4.
cxd5 exd5 5. Nf3 d4 6. O-O Nc6 7. d3 Bd6 8. Nbd2 Nf6 9. Nc4 Bc7 10. Bg5 h6 11. Bxf6 Qxf6 12. a4 O-O 13. Re1 Rd8 14. Nfd2 Bd7 15. Qb3 Rab8 16. a5 Nb4 17. Rec1 Bg4 18.
Ne4 Qe7 19. Nxc5 Qxc5 20. Ne3 Be6 21. Rxc5 Bxb3 22. Nf5 Na6 23. Rb5 Be6 24. Bxb7 Rxb7 25. Rxb7 Bxf5 26. b4 Bc8 27. Rxa7 Bb8 28. Re7 Nxb4 29.
Rb1 Nc6 30. Re4 Bf5 31. Rh4 g5 32. Rxh6 Bg6 33. h4 g4 34. Rb6 Rc8 35. h5 Kg7 36.
hxg6 Kxh6 37. gxf7 Kg7 38. a6 Kxf7 39. Kg2 Ke7 40.
f3 gxf3+ 41. Kxf3 Kd7 42. Ke4 Bc7 43. Rb7 Ra8 44. Kd5 Rxa6 45. Rb2 Ra5+ 46. Ke4 Rg5 47. Kf3 Rxg3+ 48. Ke4 Re3+ 49. Kd5 Re5+ 50. Kc4 Kd6 51. Ra2 Bb6 52. Ra6 Bc5 53. Ra8 Bb6 54. Rg8 Rxe2 55. Rg6+ Re6 56. Rg7 Ne5+ 57. Kb5 Bc5 58. Rg8 Nxd3 59.
Kc4 Ne5+ 60. Kb5 Kd5 61. Rd8+ Rd6 62. Rc8 Rb6+ 63. Ka5 Nc4+ 64. Ka4 Rb4# 0-1

[Event "Late-Titled-Tuesday-Blitz-June-04-2024"]
[Site "Chess.com"]
[Date "2024.06.04"]
[Round "1"]
[White "Zampronha1971"]
[Black "GoltsevDmitry2000"]
[Result "0-1"]
[WhiteElo "2431"]
[BlackElo "2770"]
[TimeControl "180+1"]
[EndTime "14:08:05 PDT"]
[Termination "GoltsevDmitry2000 won on time"]

1. e4 e6 2. d4 d5 3. Nc3 c5 4.
exd5 exd5 5. Nf3 Nf6 6. Be2 Nc6 7. O-O Bd6 8. Bg5 Be6 9. dxc5 Bxc5 10. Bxf6 Qxf6 11.
Nxd5 Qd8 12. Nf4 Bd7 13. c3 O-O 14. Nd3 Bb6 15. Nde5 Be6 16. Nxc6 bxc6 17. Qxd8 Rfxd8 18. b3 a5 19. Rfd1 Rxd1+ 20. Bxd1 a4 21. bxa4 Ba5 22. Bb3 Bxc3 23. Rc1 Bf6 24. Rxc6 Rb8 25. h3 Bd7 26. Rc7 Be8 27. a5 Ra8 28. Nd2 Rxa5 29. Ne4 Be5 30.
Re7 Kf8 31. Rb7 Ra8 32. Nc5 Rd8 33. g3 g6 34. Kf1 Rd2 35. f4 Bd4 36. Ne4 Rh2 37.
Ng5 h6 38. Nxf7 Bc6 39. Rb8+ Ke7 40. Ne5 Bg2+ 41. Ke1 Bxh3 42. Nf3 Bc3+ 43. Kd1 Bg4 44. Bd5 Rd2+ 45. Kc1 Rxd5 46. Ne5 Bxe5 47. fxe5 Rxe5 48. Kd2 Re2+ 49. Kd3 Rxa2 50. Rb6 Be6 51. Ke3 Kf6 52. Kf4 Ra3 53. g4 g5+ 54. Ke4 Ra4+ 55. Kf3 Rxg4 0-1

[Event "Late-Titled-Tuesday-Blitz-June-04-2024"]
[Site "Chess.com"]
[Date "2024.06.04"]
[Round "1"]
[White "maximnovik"]
[Black "kingofthenil"]
[Result "1/2-1/2"]
[WhiteElo "2492"]
[BlackElo "2898"]
[TimeControl "180+1"]
[EndTime "14:08:09 PDT"]
[Termination "Game drawn - insufficient material"]

1. e4 Nc6 2. Nf3 d5 3. exd5 Qxd5 4. Nc3 Qh5 5. Bb5 Bg4 6. h3 O-O-O 7. Bxc6 bxc6 8. O-O Bxf3 9. Qxf3 Qxf3 10. gxf3 e6 11. d3 Ne7 12. Be3 Nf5 13. Bxa7 c5 14. Ne4 Rd5 15. c4 Rxd3 16. Bxc5 Rxf3 17. Ng5 Rf4 18. Be3 Rxc4 19. Nxf7 Rg8 20. Rac1 Re4 21.
Bb6 Kb7 22. Bxc7 Nd4 23. Kg2 Be7 24. Nd6+ Bxd6 25. Bxd6 Rd8 26. Bg3 Rd7 27. Rfd1 e5 28.
Rd2 h5 29. Rcd1 Rf7 30. Bxe5 Rxe5 31. Rxd4 Rg5+ 32. Kf1 Rf3 33. R1d3 Rf6 34. Rd7+ Kc6 35. R7d4 Rgf5 36. Rd2 g5 37. Rc4+ Kb5 38. b3 Rf3 39.
Rd5+ Kb6 40. Rc2 Rxh3 41. Rxg5 h4 42. Kg2 Rhf3 43. Rh5 R3f4 44. Re2 Rg6+ 45. Kh3 Rg1 46. Rh6+ Kc5 47. Rhe6 Rf3+ 48. Kh2 Rg4 49. R6e4 Rxe4 50. Rxe4 Rxf2+ 51. Kh3 Rxa2 52. Rc4+ Kb5 53. Kxh4 Rb2 54.
Rc3 Kb4 55. Rg3 Rf2 56. Kg4 Rf8 57. Rf3 Rg8+ 58. Kf4 Re8 59. Re3 Rxe3 60. Kxe3 Kxb3 1/2-1/2

[Event "Late-Titled-Tuesday-Blitz-June-04-2024"]
[Site "Chess.com"]
[Date "2024.06.04"]
[Round "1"]
[White "VD_coach"]
[Black "stollenmonster"]
[Result "0-1"]
[WhiteElo "2466"]
[BlackElo "2870"]
[TimeControl "180+1"]
[EndTime "14:08:09 PDT"]
[Termination "stollenmonster won by resignation"]

1. Nf3 Nf6 2. c4 e6 3. g3 d5 4.
Bg2 Be7 5. O-O O-O 6. d4 Ne4 7. Nfd2 f5 8. e3 c6 9. Nc3 Bd7 10. Ne2 Be8 11. Nf4 Bf7 12. Nf3 Nd7 13. b3 g5 14. Nd3 Bh5 15. Qc2 Rc8 16. Bb2 Bd6 17. Rac1 Qe7 18. Nfe5 Nef6 19. Nxd7 Nxd7 20. cxd5 exd5 21.
b4 a6 22. a4 Nb6 23. Qb3 Nc4 24.
Rxc4 dxc4 25. Qxc4+ Bf7 26. Qc3 Bd5 27. Nc5 Rce8 28. Rc1 Qf7 29. b5 cxb5 30. axb5 axb5 31.
Nd7 b4 32. Nf6+ Kh8 33. Qe1 Bxg2 34. Nxe8 Rxe8 35. Kxg2 Qd5+ 36. Kg1 f4 37. Qe2 fxe3 38. fxe3 Qe4 39. d5+ Kg8 40. Rf1 Qxe3+ 41. Qxe3 Rxe3 42. Rf6 Bc5 43. Kf1 Rd3 44. Ke2 Rxd5 45. Re6 Kf7 46. Re4 h6 47. h4 gxh4 48. Rxh4 Rd6 49. Re4 Re6 50. Kd3 Rxe4 51. Kxe4 h5 52. Kf5 b6 53.
Kg5 Ke6 54. Kxh5 Kd5 55. g4 Bd4 56. Bc1 b3 57. g5 b2 0-1

[Event "Late-Titled-Tuesday-Blitz-June-04-2024"]
[Site "Chess.com"]
[Date "2024.06.04"]
[Round "1"]
[White "NikitaShnadrygin"]
[Black "ilushka"]
[Result "1-0"]
[WhiteElo "2711"]
[BlackElo "2390"]
[TimeControl "180+1"]
[EndTime "14:08:09 PDT"]
[Termination "NikitaShnadrygin won by resignation"]

1. e4 e5 2. Nc3 Bc5 3. Bc4 Nf6 4. d3 c6 5. Bg5 h6 6. Bh4 g5 7. Bg3 d6 8. Nge2 Be6 9. Bb3 a5 10. d4 exd4 11. Nxd4 Bxb3 12. axb3 Nbd7 13. Nf5 Ne5 14. O-O Qc7 15. Na4 O-O-O 16. Nxc5 dxc5 17. Qe1 b6 18. f3 Nh5 19. Bf2 Nf4 20. Kh1 h5 21. Be3 h4 22.
h3 f6 23. Qf2 Kb7 24. Rad1 Nh5 25. Kg1 Ng6 26. Rfe1 Ng3 27. Bd2 Nxf5 28. exf5 Nf4 29. Bc3 Rxd1 30. Rxd1 Nd5 31. Re1 Qd7 32. Re6 Re8 33.
Qe1 Nc7 34. Rxe8 Qxe8 35. Qe4 Qf7 36. Kf2 Nd5 37. Bd2 Kc7 38. c4 Ne7 39. f4 Nc8 40. fxg5 fxg5 41. Bxg5 Nd6 42. Bf4 Kd7 43. Bxd6 Kxd6 44.
Ke3 Qf6 45. Kf4 Qh6+ 46. Kg4 Qf6 47. Qd3+ Qd4+ 48. Qxd4+ cxd4 49. Kf4 c5 50. g3 hxg3 51. Kxg3 Ke5 52. Kg4 d3 53. Kf3 d2 54. Ke2 Kxf5 55. Kxd2 Kg5 56. Ke3 Kh4 57. Ke4 Kxh3 58. Kd5 Kg4 59.
Kc6 Kf4 60. Kxb6 Ke4 61. Kxc5 Kd3 62. Kb5 Kc2 63. Kxa5 Kxb3 64. c5 1-0

[Event "Late-Titled-Tuesday-Blitz-June-04-2024"]
[Site "Chess.com"]
[Date "2024.06.04"]
[Round "1"]
[White "ChessSG1"]
[Black "mbojan"]
[Result "0-1"]
[WhiteElo "2462"]
[BlackElo "2836"]
[TimeControl "180+1"]
[EndTime "14:08:10 PDT"]
[Termination "mbojan won by resignation"]

1. c4 a6 2. g3 g6 3. Bg2 Bg7 4. Nc3 d6 5. e4 Nc6 6. Nge2 Bd7 7.
d4 Qc8 8. O-O Bh3 9. Nd5 Bxg2 10. Kxg2 h5 11. h4 Nf6 12. Nxf6+ exf6 13. Be3 O-O 14. Nf4 Re8 15. Qf3 f5 16. exf5 Qxf5 17. Rad1 Ne7 18. b3 c6 19. d5 c5 20. Rfe1 b5 21. Nd3 Qxf3+ 22. Kxf3 Nf5 23. Bf4 bxc4 24. bxc4 Rab8 25. Rxe8+ Rxe8 26. Re1 Rxe1 27. Nxe1 Kf8 28. Nd3 Ke7 29. Ke4 Nd4 30. Bg5+ Kd7 31. f3 Nc2 32. g4 hxg4 33. fxg4 Na3 34. h5 gxh5 35. gxh5 Nxc4 36. h6 Bh8 37. Nf4 Ke8 38. Nh5 Kf8 39. Bf6 Kg8 40.
Be7 Kh7 41. Ng3 Kxh6 42. Nf5+ Kg6 43. Bxd6 Nd2+ 44. Kf4 c4 45. Bb4 c3 46. Ne3 Bf6 47. d6 Bg5+ 48. Ke5 Bxe3 49. Bxc3 Nc4+ 50. Kd5 Nxd6 51.
Kxd6 f5 52. Kc6 f4 53. Kb7 f3 54. Be1 a5 55. Ka6 Bd2 56. Bf2 Kf5 57. Kb5 Kg4 58. Kc4 Kh3 59. Kd3 Kg2 60. Bc5 Be1 61.
a3 Bh4 62. Kc4 Bf2 63. Bxf2 Kxf2 64. Kb5 Ke3 65. Kxa5 f2 66. Kb6 f1=Q 67. a4 Qf8 68. a5 Qa8 0-1

[Event "Late-Titled-Tuesday-Blitz-June-04-2024"]
[Site "Chess.com"]
[Date "2024.06.04"]
[Round "1"]
[White "arctic_t00"]
[Black "AlejandroArias"]
[Result "0-1"]
[WhiteElo "2632"]
[BlackElo "2372"]
[TimeControl "180+1"]
[EndTime "14:08:12 PDT"]
[Termination "AlejandroArias won by resignation"]

1. d4 d5 2. c4 e6 3. Nf3 c5 4. cxd5 exd5 5. g3 Nc6 6. Bg2 Nf6 7. O-O Be7 8. dxc5 Bxc5 9. a3 Ne4 10. Nfd2 f5 11. Nxe4 fxe4 12. Nc3 Be6 13. Bf4 O-O 14.
Rc1 Be7 15. Nb5 Rc8 16. Nd4 Bd7 17. Nxc6 bxc6 18. b4 Qb6 19. Be3 Qa6 20. Qb3 Kh8 21.
Rfe1 Bg4 22. Bf1 Bf6 23. Bc5 Rfe8 24. f3 Bf5 25. e3 Qb7 26. f4 Bg4 27. Qa4 Bf3 28. Qxa7 Qxa7 29. Bxa7 Ra8 30. Bb6 Rxa3 31. Rxc6 h5 32. b5 Rb3 33. Rxf6 gxf6 34. Bd4 Kg7 35.
Rc1 Re6 36. f5 Rd6 37. b6 Rdxb6 38. Bxb6 Rxb6 39. Rc2 Kh6 40. h4 Rb1 41. Kf2 Rd1 42.
Rb2 d4 43. exd4 Rxd4 44. Ke3 Rd1 45. Bc4 Rg1 46. Kf4 Kg7 47. Rb7+ Kf8 48. Rb8+ Ke7 49. Rh8 Rc1 50. Bd5 Re1 51. Rh7+ Kd6 52. Bc4 Bg4 53.
Rh6 Kc5 54. Be6 e3 55. Rxf6 e2 56. Bb3 Rf1+ 57. Kg5 e1=Q 58. Re6 Qd2+ 59. Kg6 Qd8 60. Kg7 Qd7+ 61. Kf6 Rxf5+ 0-1

[Event "Late-Titled-Tuesday-Blitz-June-04-2024"]
[Site "Chess.com"]
[Date "2024.06.04"]
[Round "1"]
[White "Schattman"]
[Black "ritanovikova"]
[Result "1-0"]
[WhiteElo "2548"]
[BlackElo "2151"]
[TimeControl "180+1"]
[EndTime "14:08:13 PDT"]
[Termination "Schattman won on time"]

1. Nf3 Nf6 2. c4 e6 3. g3 b6 4.
Bg2 Bb7 5. O-O d5 6. cxd5 exd5 7. d4 Be7 8. Nc3 O-O 9. Bf4 c6 10. Rc1 Nbd7 11. h4 Rc8 12. Qa4 a5 13. Rfd1 b5 14. Qc2 b4 15. Na4 Ne4 16. Bh3 f5 17. Ne5 Nxe5 18. Bxe5 Bd6 19. Bxd6 Qxd6 20. Nc5 Ba6 21.
Nxa6 Nxg3 22. Qd3 Ne4 23. Nc5 Qg6+ 24. Kf1 Qh6 25. Nxe4 fxe4 26. Qg3 Rf6 27. Qg5 Rcf8 28. f3 exf3 29. e3 f2 30. Rc2 Rg6 31.
Qxh6 Rxh6 32. Rxf2 Re8 33. Ke2 Rxh4 34. Bg2 g5 35.
Rg1 h6 36. Bf3 Kg7 37. Bg4 Kg6 38. Bf5+ Kg7 39. Bd7 Re7 40. Bxc6 Rh3 41. Rf3 Rh2+ 42. Rf2 Rh3 43. Bxd5 Rhxe3+ 44. Kd2 Rh3 45. Bg2 Rh4 46. d5 Rd4+ 47. Kc2 a4 48. Rd2 Rc7+ 49. Kd1 Rg4 50. d6 Rd7 51. Re1 Kg6 52. Bh3 1-0

[Event "Late-Titled-Tuesday-Blitz-June-04-2024"]
[Site "Chess.com"]
[Date "2024.06.04"]
[Round "1"]
[White "picturesquecheck"]
[Black "Lennis93"]
[Result "1/2-1/2"]
[WhiteElo "2429"]
[BlackElo "2742"]
[TimeControl "180+1"]
[EndTime "14:08:14 PDT"]
[Termination "Game drawn - insufficient material"]

1. g3 c5 2. Bg2 Nc6 3. Nf3 d5 4. O-O e5 5. c4 d4 6. d3 Bd6 7. a3 a5 8. Nbd2 Nf6 9. e3 O-O 10.
exd4 exd4 11. Ng5 Bg4 12. Qc2 Re8 13. Nge4 Bf8 14. Re1 Nd7 15. f3 Be6 16. Nf2 f5 17. Nf1 Nf6 18. h4 Bd6 19. Bg5 h6 20. Bxf6 Qxf6 21.
f4 Bf7 22. Nd2 Re3 23. Nf1 Re7 24. Rxe7 Qxe7 25. Qd2 Re8 26. Nh2 a4 27. Nf3 Qd8 28. Re1 Rxe1+ 29. Qxe1 Qa5 30. Qxa5 Nxa5 31. Nd2 g5 32.
hxg5 hxg5 33. Nh3 gxf4 34. Nxf4 Kf8 35. Kf2 Ke7 36. Nd5+ Kd7 37. Nb6+ Kc7 38. Nxa4 Be8 39.
Nxc5 Bxc5 40. b4 Be7 41. bxa5 Bxa3 42. Nb3 Bb2 43. Ke2 Bc3 44. Nc5 Bc6 45. Bxc6 Kxc6 46. Ne6 Kd6 47. Nd8 Kc7 48. Nf7 Kd7 49. Kf3 Bxa5 50. Kf4 Ke6 51. Ng5+ Kf6 52. Nh7+ Kg6 53. Nf8+ Kf7 54. Nd7 Ke6 55. Nc5+ Kf6 56. Nxb7 Bc7+ 57. Kf3 Ke6 58. Nc5+ Kd6 59. Nb3 Ke5 60. c5 Kd5 61. c6 Be5 62. g4 fxg4+ 63. Kxg4 Kxc6 64. Kf5 Kd5 65. Nxd4 Kxd4 66. Ke6 Bf4 67. Kf7 Be3 68. Kg6 Bd2 69. Kf7 Bc3 70. Kg6 Kxd3 1/2-1/2

[Event "Late-Titled-Tuesday-Blitz-June-04-2024"]
[Site "Chess.com"]
[Date "2024.06.04"]
[Round "1"]
[White "GMTalks_Youtube"]
[Black "jup1978"]
[Result "1-0"]
[WhiteElo "2750"]
[BlackElo "2421"]
[TimeControl "180+1"]
[EndTime "14:08:16 PDT"]
[Termination "GMTalks_Youtube won on time"]

1. d4 d5 2. c4 e6 3. Nc3 a6 4. cxd5 exd5 5. Nf3 Nf6 6. Bg5 Be6 7. e3 Bd6 8. Bd3 Nbd7 9. Bf4 Qe7 10. O-O O-O 11.
Qc2 h6 12. h3 c5 13. Bxd6 Qxd6 14. dxc5 Nxc5 15. Rad1 Rac8 16. Qe2 b5 17. a3 Rfd8 18.
Bb1 Qb6 19. Nd4 b4 20. axb4 Qxb4 21. Nxe6 Nxe6 22. Bf5 Rb8 23. Rd2 d4 24. Bxe6 dxc3 25. bxc3 Qxc3 26. Rc2 Qe5 27. Ba2 Rdc8 28. Rxc8+ Rxc8 29. Qxa6 Rc2 30. Qa8+ Qe8 31. Qxe8+ Nxe8 32. Bb3 Rb2 33.
Bc4 Nd6 34. Bd3 Rd2 35. Bb1 g6 36. Rc1 Kg7 37. Kf1 Nb5 38. Ke1 Rb2 39. Bd3 Nd6 40. Rc6 Ne8 41. Rc2 Rxc2 42. Bxc2 f5 43. Ke2 Kf6 44.
Kd3 g5 45. Kd4 Nd6 46. Bd3 Nf7 47. f4 gxf4 48. exf4 h5 49. g3 Nh8 50. h4 Nf7 51.
Kd5 Nd8 52. Be2 Kg6 53. Bf3 Nf7 54. Bd1 Nd8 55. Bc2 Kf6 56. Kd6 Ne6 57. Kd5 Nc7+ 58. Kc4 Ne6 59. Bd1 Kg6 60. Kd5 Nc7+ 61. Ke5 Ne8 62. Bc2 Nf6 63. Bxf5+ Kg7 64. Bh3 1-0

[Event "Late-Titled-Tuesday-Blitz-June-04-2024"]
[Site "Chess.com"]
[Date "2024.06.04"]
[Round "1"]
[White "isla88"]
[Black "bubeliang"]
[Result "0-1"]
[WhiteElo "2463"]
[BlackElo "2847"]
[TimeControl "180+1"]
[EndTime "14:08:18 PDT"]
[Termination "bubeliang won by resignation"]

1. Nf3 g6 2. d4 Bg7 3. e4 c6 4.
Bd3 d5 5. exd5 cxd5 6. Bf4 Nc6 7.
c3 Bf5 8. Bxf5 gxf5 9. Qb3 Qd7 10. Na3 Nf6 11. Nc2 O-O 12. Ne5 Nxe5 13. Bxe5 e6 14. a4 Ne4 15. Bxg7 Kxg7 16. Nb4 Rac8 17. Nd3 Kh8 18.
Ne5 Qc7 19. f3 Nd6 20. O-O Nc4 21. Nxc4 dxc4 22. Qb5 Rg8 23. Rad1 a6 24. Qe5+ Qxe5 25. dxe5 Rgd8 26. Kf2 Kg8 27. Ke3 f6 28. exf6 Kf7 29.
f4 Kxf6 30. Rd4 Rxd4 31. Kxd4 b5 32. axb5 axb5 33. Ra1 Rd8+ 34. Kc5 Rd2 35. Ra2 Rxg2 36. Kxb5 Rxh2 37. Kxc4 h5 38. Ra8 Rxb2 39. Rh8 Kg6 40. Rg8+ Kf7 41. Rh8 Rf2 42. Rxh5 Rxf4+ 43. Kb5 Rf1 44.
c4 Rb1+ 45. Kc6 Kf6 46. c5 e5 47. Kd7 Rd1+ 48. Kc7 e4 49. c6 e3 50. Rh2 f4 51.
Rc2 f3 52. Kb7 Rb1+ 53. Ka7 e2 54. c7 e1=Q 55. Rc6+ Kg5 56. Rc5+ Kh4 57. c8=Q Qe7+ 58. Ka6 Qe2+ 59. Rc4+ Kg3 60. Qg4+ Kh2 61. Qh4+ Kg1 62. Qg4+ Qg2 63. Qd4+ f2 64. Rc2 Qa8+ 65. Qa7 Qxa7+ 66.
Kxa7 f1=Q 0-1

[Event "Late-Titled-Tuesday-Blitz-June-04-2024"]
[Site "Chess.com"]
[Date "2024.06.04"]
[Round "1"]
[White "YellowJacek"]
[Black "Elprofessor21"]
[Result "1-0"]
[WhiteElo "2390"]
[BlackElo "2670"]
[TimeControl "180+1"]
[EndTime "14:08:19 PDT"]
[Termination "YellowJacek won by resignation"]

1. e4 d6 2. d4 Nf6 3. Nc3 g6 4. f4 Bg7 5. Nf3 O-O 6. Bd3 c6 7. e5 Nd5 8. Nxd5 cxd5 9. c3 Nc6 10. Qe2 Bg4 11. h3 Bxf3 12. Qxf3 dxe5 13. fxe5 f6 14. exf6 Bxf6 15. Qg4 e5 16. Bh6 e4 17. Bxf8 exd3 18. O-O Qxf8 19. Qe6+ Kg7 20. Qxd5 Rd8 21. Qb5 Qd6 22. Qxd3 Rd7 23. Qf3 Ne7 24. Rae1 Nf5 25. Qf4 Qxf4 26. Rxf4 b5 27. g4 Nd6 28. Re6 Bg5 29. Rf1 Nc4 30. b3 Nd2 31. Rd1 b4 32. h4 Bf4 33. cxb4 Rxd4 34. Re7+ Kf6 35. Rxa7 Be3+ 36.
Kg2 Rxg4+ 37. Kh3 Rf4 38. Ra5 Rf3+ 39. Kg2 Rf2+ 40. Kh3 Ne4 41. b5 Rf3+ 42. Kg2 Rg3+ 43. Kh2 Bf4 44. Rf1 Rf3+ 45. Kg2 Rg3+ 46. Kh2 Kf5 47.
b6+ Kg4 48. Rg5+ Nxg5 49. hxg5 Rc3+ 50. Kg2 Rc2+ 51. Rf2 Rxf2+ 52. Kxf2 Kxg5 53. b7 Bb8 54. a4 h5 55. b4 h4 56. b5 Kg4 57. a5 h3 58. b6 Bd6 59. a6 Bc5+ 60. Kf1 Bd6 61. a7 Kf3 62. b8=Q h2 63. Qb7+ Kg3 64.
Qh1 1-0

[Event "Late-Titled-Tuesday-Blitz-June-04-2024"]
[Site "Chess.com"]
[Date "2024.06.04"]
[Round "1"]
[White "FXDon77"]
[Black "AustinThomas12345"]
[Result "1-0"]
[WhiteElo "2866"]
[BlackElo "2464"]
[TimeControl "180+1"]
[EndTime "14:08:22 PDT"]
[Termination "FXDon77 won on time"]

1. e4 c5 2. Nf3 g6 3. c3 d5 4. e5 Nc6 5. d4 Bg4 6. Bb5 Qb6 7. Bxc6+ bxc6 8. Nbd2 cxd4 9. cxd4 Qb5 10. h3 Bf5 11. a4 Qa6 12. Nb3 e6 13. Nc5 Bxc5 14. dxc5 Qa5+ 15. Bd2 Qxc5 16. Rc1 Qb6 17. O-O c5 18. a5 Qb5 19. b4 cxb4 20. Nd4 Qd7 21. Bxb4 h5 22.
g4 hxg4 23. hxg4 Be4 24. f3 Rb8 25. Ba3 Rh3 26. Kg2 Rh4 27. fxe4 dxe4 28. Nc6 Qxd1 29. Rfxd1 Rc8 30. Kg3 g5 31. Nxa7 Rxc1 32. Rxc1 Nh6 33.
Nc6 Rxg4+ 34. Kf2 Rf4+ 35. Ke2 Ng4 36. Rd1 f5 37. exf6 Rf2+ 38. Ke1 e3 39. Rd8+ Kf7 40. Rf8+ Kg6 41. Ne7+ Kh7 42. f7 Nh2 43. Rh8+ Kxh8 44. f8=Q+ Rxf8 45. Ng6+ Kg7 46. Nxf8 g4 47. Nxe6+ Kf6 48.
Nf4 g3 49. a6 Nf3+ 50. Ke2 Nd4+ 51. Kxe3 Nb5 52. Bc5 Ke5 53. a7 Nc7 54. Kf3 g2 55.
Kxg2 Na8 56. Kf3 Kf6 57. Ke4 Kf7 58. Kd5 Ke8 59. Kc6 Kd8 60. Kb7 Kd7 61. Kxa8 Kc8 62. Bd6 Kd7 63. Kb7 Kxd6 64. a8=Q 1-0

[Event "Late-Titled-Tuesday-Blitz-June-04-2024"]
[Site "Chess.com"]
[Date "2024.06.04"]
[Round "1"]
[White "cthulhuuu"]
[Black "Mops_2004"]
[Result "1/2-1/2"]
[WhiteElo "2446"]
[BlackElo "2786"]
[TimeControl "180+1"]
[EndTime "14:08:27 PDT"]
[Termination "Game drawn - insufficient material"]

1. e4 g6 2. d4 Bg7 3. Nc3 d6 4. f4 a6 5. a4 Nf6 6. Nf3 c5 7.
e5 Nfd7 8. exd6 O-O 9. dxc5 Nxc5 10.
dxe7 Qxe7+ 11. Be2 Rd8 12. Nd5 Qd6 13. c4 Be6 14.
O-O Nc6 15. Ng5 Nd4 16. Be3 Ncb3 17. Ne4 Qf8 18. Ra3 Bxd5 19. cxd5 Qe8 20. Bd3 f5 21. Rxb3 Nxb3 22. Qxb3 fxe4 23. Bc4 Kh8 24. f5 gxf5 25. Rxf5 Qd7 26. Rg5 b5 27. axb5 axb5 28. Bxb5 Rab8 29. d6 Bf6 30. Rd5 Qg4 31. Qc4 Rg8 32. g3 Qf3 33.
Bd4 Rbc8 34. Bxf6+ Qxf6 35. Qd4 Rc1+ 36. Kg2 Rc2+ 37. Kh3 Qxd4 38. Rxd4 Rxb2 39. d7 Rd8 40. Rxe4 Rf2 41. Re8+ Rf8 42. Kg4 Kg7 43. h4 Kf6 44.
Kh5 Kg7 45. g4 Rb8 46. g5 Rd8 47. Kg4 Rb8 48. h5 h6 49. gxh6+ Kxh6 50. Kh4 Kg7 51.
Kg5 Kf7 52. Bc4+ Kg7 53. Rxb8 Rxb8 54. Be6 Rb5+ 55. Bf5 Rd5 56. h6+ Kh8 57. Kf6 Rxd7 58. Bxd7 Kh7 59. Kg5 Kh8 60. h7 Kxh7 1/2-1/2

[Event "Late-Titled-Tuesday-Blitz-June-04-2024"]
[Site "Chess.com"]
[Date "2024.06.04"]
[Round "1"]
[White "RichardLeyvaP"]
[Black "semchik90"]
[Result "0-1"]
[WhiteElo "2705"]
[BlackElo "2418"]
[TimeControl "180+1"]
[EndTime "14:08:28 PDT"]
[Termination "semchik90 won on time"]

1. e4 Nf6 2. e5 Nd5 3. d4 d6 4. c4 Nb6 5. f4 dxe5 6. fxe5 Nc6 7. Be3 Bf5 8. Nc3 e6 9. Nf3 Bg4 10. Be2 Bxf3 11. gxf3 Qh4+ 12. Bf2 Qf4 13. c5 Nd5 14. Nxd5 exd5 15. Qd2 Qf5 16. O-O Be7 17. b4 Bg5 18.
Qc3 Bf4 19. Bg3 Qg5 20. Kf2 h5 21. Rg1 h4 22. Bxf4 Qxf4 23. Rxg7 Nxd4 24. Rd1 Qxh2+ 25. Rg2 Nxe2 26. Qe3 Qf4 27. Kxe2 Qxb4 28. Rxd5 h3 29. Rh2 Qc4+ 30. Qd3 Qxa2+ 31. Qd2 Qxd2+ 32. Rxd2 Rd8 33. Ra2 a6 34. Rb2 Rb8 35. f4 Ke7 36. Kf3 b6 37. cxb6 Rxb6 38. Rbc2 Rb3+ 39. Ke4 Kd7 40.
Kf5 a5 41. Kf6 a4 42. Kxf7 Rf3 43. Rc4 a3 44. e6+ Kc8 45. e7 Re3 46. Ra4 Rh7+ 47. Kf6 Rhxe7 48. f5 c5 49. Kg6 Rg3+ 50. Kf6 Rb7 51.
Rc4 Rb2 52. Rxc5+ Kb7 53. Rh1 a2 54. Rcc1 Ra3 55. Kg7 h2 56. f6 Rg3+ 57. Kf8 Rg1 58. f7 Rxh1 59. Rxh1 Rb1 0-1